Carnivores vs Ice Dragons
Created - April 9, 2020 at 19:07
Goals
|
Carnivores |
2 |
2 |
1 |
5 |
Ice Dragons |
1 |
1 |
1 |
3 |
|
Shots
|
Carnivores |
20 |
10 |
6 |
36 |
Ice Dragons |
14 |
6 |
11 |
31 |
|
1st period
1. Carnivores , Chris Lawrence 33 (Blake Geoffrion 48) at 6:57
2. Ice Dragons , Chris Wagner 14 (Corban Knight 44, Zach Trotman 12) at 8:45
3. Carnivores , Nicolas Kerdiles 19 (Joel Armia 22, Anton Gustafsson 54) at 8:51
Penalties :
Justin Shugg (Kin) for High sticking (Minor) at 3:27, Logan MacMillan (Kin) for Tripping (Minor) at 15:34, Chris Lawrence (Bre) for High sticking (Minor) at 19:32
2nd period
4. Carnivores , Nicolas Kerdiles 20 (Anton Gustafsson 55, Mattias Backman 17) at 2:34
5. Carnivores , Chris Lawrence 34 (Blake Geoffrion 49) at 4:06
6. Ice Dragons , Corban Knight 43 (Brayden McNabb 61) at 14:31
Penalties :
Brayden McNabb (Kin) for Hooking (Minor) at 4:23
3rd period
7. Ice Dragons , Billy Sweat 27 (Boone Jenner 50, Robin Norell 7) at 11:16
8. Carnivores , Blake Geoffrion 47 (Chris Lawrence 54, Scott Laughton 29) at 15:22 (PP)
Penalties :
Brandon Kozun (Kin) for Holding (Minor) at 0:07, Josh Morrissey (Bre) for High sticking (Minor) at 6:44, Jordan LaVallee (Kin) for Tripping (Minor) at 15:06, Blake Geoffrion (Bre) for Cross-checking (Minor) at 16:04
Goalie Stats
Niklas Svedberg (Bre), 28 saves from 31 shots - (0.903), W, 24-19-3, 60:00 minutes
Harru Sateri (Kin), 31 saves from 36 shots - (0.861), L, 30-17-6, 60:00 minutes
Players Stats for Carnivores
Player Name G A P +/- PIM S H SB GA TA FO MP PP MP PK MP
------------------------------------------------------------------------------------
Andreas Englund 0 0 0 1 0 1 0 1 0 0 0/0 10:12 0:00 2:19
Anton Gustafsson 0 2 2 0 0 3 0 0 2 0 8/17 19:12 2:57 3:41
Barret Jackman 0 0 0 -1 0 4 2 2 1 2 0/0 27:57 5:44 3:38
Blake Geoffrion 1 2 3 1 2 3 1 0 1 1 2/3 20:44 5:14 0:00
Brett Connolly 0 0 0 0 0 2 0 0 1 0 1/1 6:57 0:00 0:00
Chris Lawrence 2 1 3 1 2 5 2 0 1 0 1/1 22:59 5:14 2:26
Christian Djoos 0 0 0 0 0 0 0 1 0 0 0/0 8:36 0:00 2:19
Hunter Shinkaruk 0 0 0 0 0 1 0 0 1 0 0/1 8:55 0:01 0:33
Joel Armia 0 1 1 0 0 5 2 0 0 0 0/0 16:14 2:57 0:00
Josh Morrissey 0 0 0 -1 2 1 0 2 0 1 0/0 23:45 5:44 0:00
Lucas Wallmark 0 0 0 0 0 1 0 0 0 0 0/0 6:57 0:00 0:00
Mark McNeill 0 0 0 0 0 0 0 0 1 0 0/0 9:57 0:01 0:00
Markus Granlund 0 0 0 0 0 2 1 0 1 1 3/9 10:25 0:00 0:49
Mat Clark 0 0 0 1 0 1 2 1 0 1 0/0 17:13 0:00 3:38
Mattias Backman 0 1 1 1 0 1 0 0 0 0 0/0 10:25 2:28 0:00
Nicolas Kerdiles 2 0 2 0 0 3 1 0 1 0 1/1 18:07 2:57 2:13
Oskar Lindblom 0 0 0 0 0 1 1 1 0 0 0/0 12:03 0:01 1:43
Scott Laughton 0 1 1 1 0 1 1 0 1 0 14/29 21:31 5:14 0:29
T.J Brodie 0 0 0 1 0 1 0 2 0 1 0/0 15:57 2:28 0:00
Trevor Van Riemsdyk 0 0 0 0 0 0 1 1 0 0 0/0 5:54 0:00 0:00
Players Stats for Ice Dragons
Player Name G A P +/- PIM S H SB GA TA FO MP PP MP PK MP
------------------------------------------------------------------------------------
Adam Clendening 0 0 0 0 0 1 1 1 0 0 0/0 21:21 2:50 3:30
Billy Sweat 1 0 1 0 0 5 2 0 1 2 0/1 15:34 2:41 0:00
Boone Jenner 0 1 1 0 0 1 2 1 1 0 9/16 18:35 2:41 2:43
Brandon Kozun 0 0 0 0 2 0 0 0 1 1 0/1 16:04 3:16 0:00
Brayden McNabb 0 1 1 -1 2 1 1 2 2 1 0/0 26:58 3:07 3:51
Brian Boyle 0 0 0 0 0 3 1 2 1 0 12/21 23:06 3:16 4:56
Chris Wagner 1 0 1 1 0 3 0 0 0 0 0/0 11:23 0:00 0:00
Corban Knight 1 1 2 1 0 3 3 0 0 0 4/6 14:30 0:00 2:43
Jerome Gauthier-Leduc 0 0 0 0 0 0 0 0 0 0 0/0 11:26 0:00 0:00
Jordan LaVallee 0 0 0 -2 2 2 2 0 0 0 4/7 25:12 3:16 4:47
Justin Shugg 0 0 0 0 2 2 0 1 0 1 0/3 15:49 2:41 0:00
Kevin Connauton 0 0 0 -1 0 3 1 3 0 3 0/0 26:55 3:07 4:42
Logan MacMillan 0 0 0 1 2 4 1 0 0 0 1/2 13:25 0:00 0:00
Phil Di Giuseppe 0 0 0 0 0 0 1 0 0 0 0/0 3:04 0:00 0:00
Robin Norell 0 1 1 0 0 0 3 0 0 2 0/0 12:17 0:00 0:51
Sam Carrick 0 0 0 -2 0 0 0 0 0 0 2/5 8:38 0:00 0:55
William Carrier 0 0 0 -2 0 1 0 0 0 0 0/0 6:14 0:00 0:20
Zach Trotman 0 1 1 0 0 2 0 1 1 1 0/0 21:12 2:50 3:30
3 Stars
1 - Chris Lawrence (Bre)
2 - Nicolas Kerdiles (Bre)
3 - Blake Geoffrion (Bre)
Power Play
Carnivores - 1 on 5 Attempt(s) - 20.00%
Ice Dragons - 0 on 3 Attempt(s) - 0.00%
Penalty Kill
Carnivores - 3 on 3 Attempt(s) - 100.00%
- Score 0 goal in Penalty Kill
Ice Dragons - 4 on 5 Attempt(s) - 80.00%
- Score 0 goal in Penalty Kill
Team Stat
Carnivores - Hits : 14 - Faceoff Wins : 30 - Blocked Shots : 11 - Penalty Minutes : 6
Ice Dragons - Hits : 18 - Faceoff Wins : 32 - Blocked Shots : 11 - Penalty Minutes : 10
Official
Referees : Unknown
Linesman : Unknown
Game Notes
No Game Note
Finance
Level 1 -- Attendance: 1415 (70.75%) -- Ticket Income $56,600
Level 2 -- Attendance: 702 (70.20%) -- Ticket Income $14,040
Total Attendance: 2117 (70.57%)
Total Ticket Income: $70,640
Other Income: $3,532
Total Income: $74,172
Carnivores
5 vs 5 Forward
Center Left Wing Right Wing Time % Phy DF OF
1 Scott Laughton Blake Geoffrion Chris Lawrence 40 1 2 2
2 Anton Gustafsson Nicolas Kerdiles Joel Armia 30 1 2 2
3 Markus Granlund Oskar Lindblom Mark McNeill 20 1 2 2
4 Lucas Wallmark Hunter Shinkaruk Brett Connolly 10 1 2 2
5 vs 5 Defense
Defense Defense Time % Phy DF OF
1 Barret Jackman Josh Morrissey 40 1 2 2
2 Mat Clark T.J Brodie 30 1 2 2
3 Andreas Englund Mattias Backman 20 1 2 2
4 Christian Djoos Trevor Van Riemsdyk 10 1 2 2
PowerPlay Forward
Center Left Wing Right Wing Time % Phy DF OF
1 Scott Laughton Blake Geoffrion Chris Lawrence 60 1 1 3
2 Anton Gustafsson Nicolas Kerdiles Joel Armia 40 1 1 3
PowerPlay Defense
Defense Defense Time % Phy DF OF
1 Barret Jackman Josh Morrissey 60 1 1 3
2 T.J Brodie Mattias Backman 40 1 1 3
Penalty Kill 4 Players Forward
Center Wing Time % Phy DF OF
1 Anton Gustafsson Chris Lawrence 60 1 2 2
2 Markus Granlund Nicolas Kerdiles 40 1 2 2
Penalty Kill 4 Players Defense
Defense Defense Time % Phy DF OF
1 Barret Jackman Mat Clark 60 1 3 1
2 Christian Djoos Andreas Englund 40 1 3 1
Penalty Kill - 3 Players Forward
Forward Time % Phy DF OF
1 Chris Lawrence 60 1 3 1
2 Anton Gustafsson 40 1 3 1
Penalty Kill - 3 Players Defense
Defense Defense Time % Phy DF OF
1 Barret Jackman Mat Clark 60 1 3 1
2 Christian Djoos Andreas Englund 40 1 3 1
4 vs 4 Forward
Center Wing Time % Phy DF OF
1 Anton Gustafsson Blake Geoffrion 60 1 2 2
2 Scott Laughton Chris Lawrence 40 1 2 2
4 vs 4 Defense
Defense Defense Time % Phy DF OF
1 Barret Jackman Josh Morrissey 60 1 2 2
2 Mat Clark T.J Brodie 40 1 2 2
Last Minutes Offensive
Center Left Wing Right Wing Defense Defense
Anton Gustafsson Blake Geoffrion Chris Lawrence Barret Jackman T.J Brodie
Last Minutes Defensive
Center Left Wing Right Wing Defense Defense
Anton Gustafsson Nicolas Kerdiles Mark McNeill Barret Jackman Mat Clark
Goaltenders
Starting : Niklas Svedberg
Backup : Tristan Jarry
Extra Forwards
Normal : Oskar Lindblom, Hunter Shinkaruk, Nicolas Kerdiles - PP : Oskar Lindblom, Hunter Shinkaruk - PK : Oskar Lindblom
Extra Defensemen
Normal : Trevor Van Riemsdyk, Mattias Backman, Christian Djoos - PP : Trevor Van Riemsdyk - PK : Trevor Van Riemsdyk, Christian Djoos
Penalty Shots
Blake Geoffrion, Anton Gustafsson, Oskar Lindblom, Markus Granlund, Scott Laughton
Scratches
Ryan Olsen (Healthy), Adam Almquist (Healthy), Nicolas Deslauriers (Torn Right Knee Ligaments Injury), Stanislav Galiev (Healthy), Mark MacMillan (Healthy)
Troy Bourke (Healthy), Alexandre Mallet (Healthy), Riley Barber (Healthy), David Fischer (Unknown), Josh Wesley (Healthy)
Linus Ullmark (Healthy)
Ice Dragons
5 vs 5 Forward
Center Left Wing Right Wing Time % Phy DF OF
1 Brian Boyle Jordan LaVallee Brandon Kozun 40 1 2 2
2 Boone Jenner Billy Sweat Justin Shugg 30 1 2 2
3 Corban Knight Logan MacMillan Chris Wagner 20 1 2 2
4 Sam Carrick William Carrier Jordan LaVallee 10 1 2 2
5 vs 5 Defense
Defense Defense Time % Phy DF OF
1 Brayden McNabb Kevin Connauton 40 1 2 2
2 Zach Trotman Adam Clendening 30 1 2 2
3 Jerome Gauthier-Leduc Robin Norell 20 1 2 2
4 Brayden McNabb Kevin Connauton 10 1 2 2
PowerPlay Forward
Center Left Wing Right Wing Time % Phy DF OF
1 Brian Boyle Jordan LaVallee Brandon Kozun 60 1 2 2
2 Boone Jenner Billy Sweat Justin Shugg 40 1 2 2
PowerPlay Defense
Defense Defense Time % Phy DF OF
1 Brayden McNabb Kevin Connauton 60 1 2 2
2 Zach Trotman Adam Clendening 40 1 2 2
Penalty Kill 4 Players Forward
Center Wing Time % Phy DF OF
1 Jordan LaVallee Brian Boyle 60 1 2 2
2 Boone Jenner Corban Knight 40 1 2 2
Penalty Kill 4 Players Defense
Defense Defense Time % Phy DF OF
1 Brayden McNabb Kevin Connauton 60 1 2 2
2 Zach Trotman Adam Clendening 40 1 2 2
Penalty Kill - 3 Players Forward
Forward Time % Phy DF OF
1 Jordan LaVallee 60 1 2 2
2 Brian Boyle 40 1 2 2
Penalty Kill - 3 Players Defense
Defense Defense Time % Phy DF OF
1 Brayden McNabb Kevin Connauton 60 1 2 2
2 Zach Trotman Adam Clendening 40 1 2 2
4 vs 4 Forward
Center Wing Time % Phy DF OF
1 Jordan LaVallee Brian Boyle 60 1 2 2
2 Boone Jenner Corban Knight 40 1 2 2
4 vs 4 Defense
Defense Defense Time % Phy DF OF
1 Brayden McNabb Kevin Connauton 60 1 2 2
2 Zach Trotman Adam Clendening 40 1 2 2
Last Minutes Offensive
Center Left Wing Right Wing Defense Defense
Brian Boyle Jordan LaVallee Brandon Kozun Brayden McNabb Kevin Connauton
Last Minutes Defensive
Center Left Wing Right Wing Defense Defense
Brian Boyle Jordan LaVallee Brandon Kozun Brayden McNabb Kevin Connauton
Goaltenders
Starting : Harru Sateri
Backup : Oscar Dansk
Extra Forwards
Normal : Phil Di Giuseppe, Logan MacMillan, Sam Carrick - PP : Phil Di Giuseppe, Logan MacMillan - PK : Sam Carrick
Extra Defensemen
Normal : Jerome Gauthier-Leduc, Robin Norell, Zach Trotman - PP : Jerome Gauthier-Leduc - PK : Robin Norell, Zach Trotman
Penalty Shots
Jordan LaVallee, Brian Boyle, Boone Jenner, Corban Knight, Billy Sweat
Scratches
Thomas Gobeil (Healthy), Theodor Blueger (Healthy), Alex Henriksson (Healthy), Emil Pettersson (Healthy), Cole Ully (Healthy)
Alex Plante (Healthy), Juho Lammikko (Healthy), Samuel Groulx (Right Ankle Injury)
% Time on Ice - Carnivores
Lines # - Real PCT - Wanted PCT - Time Play
Normal Forward
1 - 36% - 40% - 16:44
2 - 28% - 30% - 12:50
3 - 20% - 20% - 9:20
4 - 15% - 10% - 6:57
Normal Defense
1 - 41% - 40% - 18:35
2 - 30% - 30% - 13:52
3 - 16% - 20% - 7:30
4 - 13% - 10% - 5:54
PP Forward
1 - 64% - 60% - 5:15
2 - 36% - 40% - 2:57
PP Defense
1 - 70% - 60% - 5:44
2 - 30% - 40% - 2:28
PK Forward
1 - 86% - 60% - 5:08
2 - 14% - 40% - 0:49
PK Defense
1 - 61% - 60% - 3:38
2 - 39% - 40% - 2:19
PK3 Forward
1 - 0% - 60%
2 - 0% - 40%
PK3 Defense
1 - 0% - 60%
2 - 0% - 40%
44 Forward
1 - 0% - 60%
2 - 0% - 40%
44 Defense
1 - 0% - 60%
2 - 0% - 40%
Last Minute Offensive - 0:00
Last Minute Defensive - 0:00
Total
Forward - 60:00
Defense - 60:00
|
% Time on Ice - Ice Dragons
Lines # - Real PCT - Wanted PCT - Time Play
Normal Forward
1 - 33% - 40% - 15:18
2 - 31% - 30% - 14:18
3 - 25% - 20% - 11:22
4 - 11% - 10% - 4:53
Normal Defense
1 - 40% - 40% - 18:19
2 - 32% - 30% - 14:46
3 - 25% - 20% - 11:17
4 - 3% - 10% - 1:29
PP Forward
1 - 55% - 60% - 3:16
2 - 45% - 40% - 2:41
PP Defense
1 - 52% - 60% - 3:07
2 - 48% - 40% - 2:50
PK Forward
1 - 67% - 60% - 5:29
2 - 33% - 40% - 2:43
PK Defense
1 - 57% - 60% - 4:42
2 - 43% - 40% - 3:30
PK3 Forward
1 - 0% - 60%
2 - 0% - 40%
PK3 Defense
1 - 0% - 60%
2 - 0% - 40%
44 Forward
1 - 0% - 60%
2 - 0% - 40%
44 Defense
1 - 0% - 60%
2 - 0% - 40%
Last Minute Offensive - 0:00
Last Minute Defensive - 0:00
Total
Forward - 60:00
Defense - 60:00
|
Play-by-Play
1st period
0:01 of 1st period - Brian Boyle wins face-off versus Scott Laughton in neutral zone.
1:49 of 1st period - Nicolas Kerdiles is hit by Jordan LaVallee and loses puck.
2:32 of 1st period - Wrist shot by Brett Connolly.
2:32 of 1st period - Stopped by Harru Sateri with a rebound.
2:34 of 1st period - Slapshot by Brett Connolly.
2:34 of 1st period - Stopped by Harru Sateri with a rebound.
3:05 of 1st period - Snap shot by Anton Gustafsson.
3:05 of 1st period - Deflect By Joel Armia.
3:05 of 1st period - Shot Blocked by Brian Boyle.
3:05 of 1st period - Puck is out of play.
3:06 of 1st period - Scott Laughton wins face-off versus Billy Sweat in Ice Dragons zone.
3:11 of 1st period - Wrist shot by Chris Lawrence.
3:11 of 1st period - Shot Blocked by Zach Trotman.
3:13 of 1st period - Slapshot by Barret Jackman.
3:13 of 1st period - Stopped by Harru Sateri with a rebound.
3:15 of 1st period - Snap shot by Chris Lawrence.
3:15 of 1st period - Shot Misses the Net.
3:19 of 1st period - Wrist shot by Blake Geoffrion.
3:19 of 1st period - Shot Misses the Net.
3:21 of 1st period - Slapshot by Barret Jackman.
3:21 of 1st period - Stopped by Harru Sateri with a rebound.
3:27 of 1st period - Minor Penalty to Justin Shugg for High sticking.
3:28 of 1st period - Jordan LaVallee wins face-off versus Scott Laughton in Ice Dragons zone.
3:40 of 1st period - Off-side.
3:41 of 1st period - Blake Geoffrion wins face-off versus Jordan LaVallee in neutral zone.
5:27 of 1st period - Penalty to Justin Shugg is over, Justin Shugg is back on ice.
5:37 of 1st period - Off-side.
5:38 of 1st period - Markus Granlund wins face-off versus Sam Carrick in neutral zone.
6:57 of 1st period - Snap shot by Chris Lawrence.
6:57 of 1st period - Goal by Chris Lawrence - Carnivores : 1 - Ice Dragons : 0.
6:58 of 1st period - Brian Boyle wins face-off versus Scott Laughton in neutral zone.
7:51 of 1st period - Snap shot by Brian Boyle.
7:51 of 1st period - Shot Misses the Net.
7:55 of 1st period - Snap shot by Brian Boyle.
7:55 of 1st period - Shot Misses the Net.
8:33 of 1st period - Slapshot by Brian Boyle.
8:33 of 1st period - Deflect By Brandon Kozun.
8:33 of 1st period - Shot Misses the Net.
8:33 of 1st period - Puck is out of play.
8:34 of 1st period - Corban Knight wins face-off versus Anton Gustafsson in Carnivores zone.
8:41 of 1st period - Snap shot by Corban Knight.
8:41 of 1st period - Shot Misses the Net.
8:43 of 1st period - Slapshot by Zach Trotman.
8:43 of 1st period - Shot Blocked by T.J Brodie.
8:45 of 1st period - Wrist shot by Corban Knight.
8:45 of 1st period - Deflect By Chris Wagner.
8:45 of 1st period - Goal by Chris Wagner - Carnivores : 1 - Ice Dragons : 1.
8:46 of 1st period - Anton Gustafsson wins face-off versus Boone Jenner in neutral zone.
8:51 of 1st period - Slapshot by Nicolas Kerdiles.
8:51 of 1st period - Goal by Nicolas Kerdiles - Carnivores : 2 - Ice Dragons : 1.
8:52 of 1st period - Boone Jenner wins face-off versus Anton Gustafsson in neutral zone.
9:01 of 1st period - Snap shot by Billy Sweat.
9:01 of 1st period - Stopped by Niklas Svedberg with a rebound.
9:07 of 1st period - Snap shot by Joel Armia.
9:07 of 1st period - Stopped by Harru Sateri without a rebound.
9:08 of 1st period - Jordan LaVallee wins face-off versus Markus Granlund in Ice Dragons zone.
9:19 of 1st period - Snap shot by Brian Boyle.
9:19 of 1st period - Stopped by Niklas Svedberg without a rebound.
9:20 of 1st period - Anton Gustafsson wins face-off versus Brian Boyle in Carnivores zone.
9:45 of 1st period - Blake Geoffrion is hit by Brayden McNabb and loses puck.
10:47 of 1st period - Christian Djoos is hit by Corban Knight and loses puck.
10:52 of 1st period - Snap shot by Logan MacMillan.
10:52 of 1st period - Stopped by Niklas Svedberg without a rebound.
10:53 of 1st period - Corban Knight wins face-off versus Scott Laughton in Carnivores zone.
10:56 of 1st period - Wrist shot by Corban Knight.
10:56 of 1st period - Stopped by Niklas Svedberg with a rebound.
11:14 of 1st period - Nicolas Kerdiles is hit by Kevin Connauton and loses puck.
11:19 of 1st period - Snap shot by Corban Knight.
11:19 of 1st period - Stopped by Niklas Svedberg without a rebound.
11:20 of 1st period - Anton Gustafsson wins face-off versus Brian Boyle in Carnivores zone.
12:06 of 1st period - Zach Trotman is hit by Joel Armia and loses puck.
12:33 of 1st period - Snap shot by Joel Armia.
12:33 of 1st period - Shot Blocked by Kevin Connauton.
12:39 of 1st period - Snap shot by Anton Gustafsson.
12:39 of 1st period - Stopped by Harru Sateri with a rebound.
12:41 of 1st period - Slapshot by Nicolas Kerdiles.
12:41 of 1st period - Shot Misses the Net.
12:43 of 1st period - Wrist shot by Joel Armia.
12:43 of 1st period - Stopped by Harru Sateri with a rebound.
12:45 of 1st period - Slapshot by Barret Jackman.
12:45 of 1st period - Stopped by Harru Sateri without a rebound.
12:46 of 1st period - Boone Jenner wins face-off versus Scott Laughton in Ice Dragons zone.
12:53 of 1st period - Mat Clark is hit by Boone Jenner and loses puck.
13:14 of 1st period - Snap shot by Markus Granlund.
13:14 of 1st period - Stopped by Harru Sateri without a rebound.
13:15 of 1st period - Corban Knight wins face-off versus Markus Granlund in Ice Dragons zone.
13:26 of 1st period - Backhand shot by Markus Granlund.
13:26 of 1st period - Shot Misses the Net.
13:28 of 1st period - Wrist shot by Oskar Lindblom.
13:28 of 1st period - Shot Blocked by Kevin Connauton.
13:30 of 1st period - Slapshot by Andreas Englund.
13:30 of 1st period - Stopped by Harru Sateri with a rebound.
13:32 of 1st period - Wrist shot by Markus Granlund.
13:32 of 1st period - Stopped by Harru Sateri without a rebound.
13:33 of 1st period - Scott Laughton wins face-off versus Boone Jenner in Ice Dragons zone.
13:34 of 1st period - Wrist shot by Chris Lawrence.
13:34 of 1st period - Stopped by Harru Sateri with a rebound.
13:48 of 1st period - Wrist shot by Boone Jenner.
13:48 of 1st period - Shot Blocked by T.J Brodie.
14:26 of 1st period - Snap shot by T.J Brodie.
14:26 of 1st period - Stopped by Harru Sateri with a rebound.
14:51 of 1st period - Wrist shot by Joel Armia.
14:51 of 1st period - Stopped by Harru Sateri without a rebound.
14:52 of 1st period - Scott Laughton wins face-off versus Justin Shugg in Ice Dragons zone.
15:20 of 1st period - Off-side.
15:21 of 1st period - Markus Granlund wins face-off versus Corban Knight in neutral zone.
15:21 of 1st period - Markus Granlund is hit by Logan MacMillan.
15:25 of 1st period - Slapshot by Josh Morrissey.
15:25 of 1st period - Stopped by Harru Sateri with a rebound.
15:34 of 1st period - Minor Penalty to Logan MacMillan for Tripping.
15:35 of 1st period - Jordan LaVallee wins face-off versus Blake Geoffrion in Ice Dragons zone.
15:44 of 1st period - Snap shot by Brian Boyle.
15:44 of 1st period - Stopped by Niklas Svedberg without a rebound.
15:45 of 1st period - Scott Laughton wins face-off versus Brian Boyle in Carnivores zone.
15:54 of 1st period - Snap shot by Barret Jackman.
15:54 of 1st period - Shot Misses the Net.
15:58 of 1st period - Backhand shot by Chris Lawrence.
15:58 of 1st period - Shot Misses the Net.
16:00 of 1st period - Snap shot by Barret Jackman.
16:00 of 1st period - Shot Misses the Net.
16:02 of 1st period - Snap shot by Josh Morrissey.
16:02 of 1st period - Shot Misses the Net.
16:08 of 1st period - Wrist shot by Blake Geoffrion.
16:08 of 1st period - Shot Blocked by Brayden McNabb.
16:10 of 1st period - Wrist shot by Scott Laughton.
16:10 of 1st period - Shot Misses the Net.
16:12 of 1st period - Wrist shot by Chris Lawrence.
16:12 of 1st period - Shot Blocked by Brayden McNabb.
16:14 of 1st period - Slapshot by Scott Laughton.
16:14 of 1st period - Stopped by Harru Sateri with a rebound.
16:20 of 1st period - Slapshot by Blake Geoffrion.
16:20 of 1st period - Shot Misses the Net.
16:32 of 1st period - Snap shot by Blake Geoffrion.
16:32 of 1st period - Stopped by Harru Sateri without a rebound.
16:33 of 1st period - Anton Gustafsson wins face-off versus Boone Jenner in Ice Dragons zone.
17:00 of 1st period - Boone Jenner is hit by Joel Armia and loses puck.
17:34 of 1st period - Penalty to Logan MacMillan is over, Logan MacMillan is back on ice.
17:53 of 1st period - Slapshot by Kevin Connauton.
17:53 of 1st period - Shot Misses the Net.
17:55 of 1st period - Backhand shot by Brian Boyle.
17:55 of 1st period - Shot Blocked by Trevor Van Riemsdyk.
18:05 of 1st period - Wrist shot by Kevin Connauton.
18:05 of 1st period - Shot Blocked by Christian Djoos.
18:07 of 1st period - Wrist shot by Kevin Connauton.
18:07 of 1st period - Shot Misses the Net.
18:09 of 1st period - Snap shot by Brayden McNabb.
18:09 of 1st period - Stopped by Niklas Svedberg with a rebound.
18:11 of 1st period - Snap shot by Brian Boyle.
18:11 of 1st period - Stopped by Niklas Svedberg with a rebound.
18:13 of 1st period - Snap shot by Kevin Connauton.
18:13 of 1st period - Stopped by Niklas Svedberg with a rebound.
18:15 of 1st period - Snap shot by Logan MacMillan.
18:15 of 1st period - Stopped by Niklas Svedberg with a rebound.
18:31 of 1st period - Slapshot by Kevin Connauton.
18:31 of 1st period - Stopped by Niklas Svedberg with a rebound.
18:53 of 1st period - Wrist shot by Brian Boyle.
18:53 of 1st period - Shot Misses the Net.
19:05 of 1st period - Snap shot by Hunter Shinkaruk.
19:05 of 1st period - Stopped by Harru Sateri without a rebound.
19:06 of 1st period - Scott Laughton wins face-off versus Boone Jenner in Ice Dragons zone.
19:17 of 1st period - Snap shot by Boone Jenner.
19:17 of 1st period - Stopped by Niklas Svedberg without a rebound.
19:18 of 1st period - Boone Jenner wins face-off versus Scott Laughton in Carnivores zone.
19:19 of 1st period - Wrist shot by Billy Sweat.
19:19 of 1st period - Stopped by Niklas Svedberg with a rebound.
19:32 of 1st period - Minor Penalty to Chris Lawrence for High sticking.
19:33 of 1st period - Anton Gustafsson wins face-off versus Boone Jenner in Carnivores zone.
19:59 of 1st period - Adam Clendening is hit by Mat Clark and loses puck.
Goals for this period are 2 for Carnivores vs 1 for Ice Dragons.
Shots for this period are 20 for Carnivores vs 14 for Ice Dragons.
2nd period
0:01 of 2nd period - Anton Gustafsson wins face-off versus Brian Boyle in neutral zone.
0:10 of 2nd period - Slapshot by Barret Jackman.
0:10 of 2nd period - Stopped by Harru Sateri with a rebound.
0:12 of 2nd period - Backhand shot by Mat Clark.
0:12 of 2nd period - Stopped by Harru Sateri with a rebound.
1:23 of 2nd period - Icing by Brian Boyle.
1:24 of 2nd period - Brian Boyle wins face-off versus Scott Laughton in Ice Dragons zone.
1:32 of 2nd period - Penalty to Chris Lawrence is over, Chris Lawrence is back on ice.
2:02 of 2nd period - Snap shot by Mark McNeill.
2:02 of 2nd period - Deflect By Logan MacMillan.
2:02 of 2nd period - Shot Misses the Net.
2:02 of 2nd period - Puck is out of play.
2:03 of 2nd period - Nicolas Kerdiles wins face-off versus Sam Carrick in Ice Dragons zone.
2:12 of 2nd period - Slapshot by Kevin Connauton.
2:12 of 2nd period - Stopped by Niklas Svedberg without a rebound.
2:13 of 2nd period - Sam Carrick wins face-off versus Anton Gustafsson in Carnivores zone.
2:34 of 2nd period - Snap shot by Nicolas Kerdiles.
2:34 of 2nd period - Goal by Nicolas Kerdiles - Carnivores : 3 - Ice Dragons : 1.
2:35 of 2nd period - Scott Laughton wins face-off versus Brian Boyle in neutral zone.
2:47 of 2nd period - Icing by Adam Clendening.
2:48 of 2nd period - Blake Geoffrion wins face-off versus Brian Boyle in Ice Dragons zone.
2:57 of 2nd period - Slapshot by Blake Geoffrion.
2:57 of 2nd period - Shot Blocked by Adam Clendening.
3:24 of 2nd period - Snap shot by Justin Shugg.
3:24 of 2nd period - Shot Misses the Net.
3:26 of 2nd period - Slapshot by Boone Jenner.
3:26 of 2nd period - Shot Blocked by Josh Morrissey.
3:28 of 2nd period - Slapshot by Justin Shugg.
3:28 of 2nd period - Stopped by Niklas Svedberg with a rebound.
3:42 of 2nd period - Snap shot by Corban Knight.
3:42 of 2nd period - Shot Misses the Net.
3:44 of 2nd period - Snap shot by Corban Knight.
3:44 of 2nd period - Shot Misses the Net.
4:06 of 2nd period - Snap shot by Blake Geoffrion.
4:06 of 2nd period - Deflect By Chris Lawrence.
4:06 of 2nd period - Goal by Chris Lawrence - Carnivores : 4 - Ice Dragons : 1.
4:07 of 2nd period - Scott Laughton wins face-off versus Brian Boyle in neutral zone.
4:12 of 2nd period - Wrist shot by Chris Lawrence.
4:12 of 2nd period - Stopped by Harru Sateri with a rebound.
4:14 of 2nd period - Wrist shot by Chris Lawrence.
4:14 of 2nd period - Shot Misses the Net.
4:23 of 2nd period - Minor Penalty to Brayden McNabb for Hooking.
4:24 of 2nd period - Scott Laughton wins face-off versus Jordan LaVallee in Ice Dragons zone.
4:58 of 2nd period - Off-side.
4:59 of 2nd period - Scott Laughton wins face-off versus Boone Jenner in neutral zone.
5:14 of 2nd period - Snap shot by Blake Geoffrion.
5:14 of 2nd period - Stopped by Harru Sateri without a rebound.
5:15 of 2nd period - Anton Gustafsson wins face-off versus Jordan LaVallee in Ice Dragons zone.
5:57 of 2nd period - Snap shot by Boone Jenner.
5:57 of 2nd period - Shot Blocked by Barret Jackman.
6:23 of 2nd period - Penalty to Brayden McNabb is over, Brayden McNabb is back on ice.
6:39 of 2nd period - Backhand shot by Chris Lawrence.
6:39 of 2nd period - Shot Misses the Net.
8:03 of 2nd period - Snap shot by Brayden McNabb.
8:03 of 2nd period - Shot Misses the Net.
8:05 of 2nd period - Backhand shot by Zach Trotman.
8:05 of 2nd period - Stopped by Niklas Svedberg without a rebound.
8:06 of 2nd period - Boone Jenner wins face-off versus Anton Gustafsson in Carnivores zone.
8:31 of 2nd period - T.J Brodie is hit by Robin Norell.
8:35 of 2nd period - Mark McNeill is hit by Corban Knight and loses puck.
9:38 of 2nd period - Snap shot by Hunter Shinkaruk.
9:38 of 2nd period - Shot Blocked by Boone Jenner.
9:40 of 2nd period - Backhand shot by Lucas Wallmark.
9:40 of 2nd period - Stopped by Harru Sateri with a rebound.
9:56 of 2nd period - Corban Knight is hit by Markus Granlund and loses puck.
10:21 of 2nd period - Backhand shot by Joel Armia.
10:21 of 2nd period - Shot Misses the Net.
11:06 of 2nd period - Mat Clark is hit by Billy Sweat and loses puck.
11:52 of 2nd period - Icing by Lucas Wallmark.
11:53 of 2nd period - Brett Connolly wins face-off versus Brandon Kozun in Carnivores zone.
12:24 of 2nd period - Justin Shugg is hit by Trevor Van Riemsdyk and loses puck.
12:31 of 2nd period - Snap shot by Brett Connolly.
12:31 of 2nd period - Shot Blocked by Justin Shugg.
12:58 of 2nd period - Icing by Blake Geoffrion.
12:59 of 2nd period - Corban Knight wins face-off versus Scott Laughton in Carnivores zone.
13:00 of 2nd period - Snap shot by Logan MacMillan.
13:00 of 2nd period - Shot Misses the Net.
13:02 of 2nd period - Slapshot by Jerome Gauthier-Leduc.
13:02 of 2nd period - Shot Misses the Net.
13:04 of 2nd period - Slapshot by Jerome Gauthier-Leduc.
13:04 of 2nd period - Shot Blocked by Barret Jackman.
13:06 of 2nd period - Slapshot by Jerome Gauthier-Leduc.
13:06 of 2nd period - Shot Blocked by Josh Morrissey.
13:38 of 2nd period - Boone Jenner is hit by Mat Clark and loses puck.
14:02 of 2nd period - Icing by Brayden McNabb.
14:03 of 2nd period - Scott Laughton wins face-off versus Logan MacMillan in Ice Dragons zone.
14:29 of 2nd period - Snap shot by Corban Knight.
14:29 of 2nd period - Shot Misses the Net.
14:31 of 2nd period - Wrist shot by Corban Knight.
14:31 of 2nd period - Goal by Corban Knight - Carnivores : 4 - Ice Dragons : 2.
14:32 of 2nd period - Brian Boyle wins face-off versus Scott Laughton in neutral zone.
14:35 of 2nd period - Blake Geoffrion is hit by Jordan LaVallee and loses puck.
15:03 of 2nd period - Snap shot by Billy Sweat.
15:03 of 2nd period - Stopped by Niklas Svedberg with a rebound.
15:05 of 2nd period - Slapshot by Justin Shugg.
15:05 of 2nd period - Stopped by Niklas Svedberg without a rebound.
15:06 of 2nd period - Brian Boyle wins face-off versus Anton Gustafsson in Carnivores zone.
15:37 of 2nd period - Slapshot by Boone Jenner.
15:37 of 2nd period - Shot Misses the Net.
15:39 of 2nd period - Slapshot by Brayden McNabb.
15:39 of 2nd period - Deflect By Boone Jenner.
15:39 of 2nd period - Shot Blocked by Mat Clark.
15:39 of 2nd period - Puck is out of play.
15:40 of 2nd period - Boone Jenner wins face-off versus Scott Laughton in Carnivores zone.
16:13 of 2nd period - Snap shot by Joel Armia.
16:13 of 2nd period - Stopped by Harru Sateri with a rebound.
16:15 of 2nd period - Snap shot by Barret Jackman.
16:15 of 2nd period - Shot Misses the Net.
16:17 of 2nd period - Slapshot by Joel Armia.
16:17 of 2nd period - Stopped by Harru Sateri without a rebound.
16:18 of 2nd period - Brian Boyle wins face-off versus Markus Granlund in Ice Dragons zone.
17:04 of 2nd period - Nicolas Kerdiles is hit by Robin Norell and loses puck.
17:14 of 2nd period - Icing by Jerome Gauthier-Leduc.
17:15 of 2nd period - Scott Laughton wins face-off versus Sam Carrick in Ice Dragons zone.
17:27 of 2nd period - Off-side.
17:28 of 2nd period - Scott Laughton wins face-off versus Justin Shugg in neutral zone.
18:42 of 2nd period - Snap shot by Nicolas Kerdiles.
18:42 of 2nd period - Stopped by Harru Sateri without a rebound.
18:43 of 2nd period - Boone Jenner wins face-off versus Scott Laughton in Ice Dragons zone.
18:47 of 2nd period - Off-side.
18:48 of 2nd period - Scott Laughton wins face-off versus Justin Shugg in neutral zone.
Goals for this period are 2 for Carnivores vs 1 for Ice Dragons.
Shots for this period are 10 for Carnivores vs 6 for Ice Dragons.
3rd period
0:01 of 3rd period - Chris Lawrence wins face-off versus Brian Boyle in neutral zone.
0:07 of 3rd period - Minor Penalty to Brandon Kozun for Holding.
0:08 of 3rd period - Brian Boyle wins face-off versus Scott Laughton in Ice Dragons zone.
0:19 of 3rd period - Icing by Josh Morrissey.
0:20 of 3rd period - Jordan LaVallee wins face-off versus Scott Laughton in Carnivores zone.
0:27 of 3rd period - Wrist shot by Jordan LaVallee.
0:27 of 3rd period - Stopped by Niklas Svedberg with a rebound.
1:03 of 3rd period - Slapshot by Anton Gustafsson.
1:03 of 3rd period - Stopped by Harru Sateri with a rebound.
1:45 of 3rd period - Adam Clendening is hit by Barret Jackman and loses puck.
2:07 of 3rd period - Penalty to Brandon Kozun is over, Brandon Kozun is back on ice.
2:24 of 3rd period - Mattias Backman is hit by Billy Sweat and loses puck.
2:39 of 3rd period - Wrist shot by Logan MacMillan.
2:39 of 3rd period - Stopped by Niklas Svedberg with a rebound.
2:41 of 3rd period - Slapshot by Robin Norell.
2:41 of 3rd period - Shot Misses the Net.
2:43 of 3rd period - Snap shot by Chris Wagner.
2:43 of 3rd period - Shot Misses the Net.
2:45 of 3rd period - Slapshot by Jerome Gauthier-Leduc.
2:45 of 3rd period - Shot Misses the Net.
2:57 of 3rd period - Jordan LaVallee is hit by Oskar Lindblom and loses puck.
4:07 of 3rd period - Nicolas Kerdiles is hit by Brian Boyle and loses puck.
4:14 of 3rd period - Jordan LaVallee is hit by Nicolas Kerdiles and loses puck.
4:30 of 3rd period - Zach Trotman is hit by Scott Laughton and loses puck.
4:43 of 3rd period - Snap shot by Mark McNeill.
4:43 of 3rd period - Shot Blocked by Kevin Connauton.
4:45 of 3rd period - Slapshot by Mattias Backman.
4:45 of 3rd period - Stopped by Harru Sateri with a rebound.
4:47 of 3rd period - Wrist shot by Oskar Lindblom.
4:47 of 3rd period - Stopped by Harru Sateri with a rebound.
4:59 of 3rd period - Lucas Wallmark is hit by Boone Jenner and loses puck.
5:38 of 3rd period - Icing by Mark McNeill.
5:39 of 3rd period - Boone Jenner wins face-off versus Markus Granlund in Carnivores zone.
5:40 of 3rd period - Wrist shot by Billy Sweat.
5:40 of 3rd period - Shot Misses the Net.
5:46 of 3rd period - Wrist shot by Billy Sweat.
5:46 of 3rd period - Shot Misses the Net.
5:48 of 3rd period - Slapshot by Jerome Gauthier-Leduc.
5:48 of 3rd period - Shot Blocked by Oskar Lindblom.
6:02 of 3rd period - Jordan LaVallee is hit by Chris Lawrence.
6:37 of 3rd period - Billy Sweat is hit by Barret Jackman.
6:44 of 3rd period - Minor Penalty to Josh Morrissey for High sticking.
6:45 of 3rd period - Brian Boyle wins face-off versus Anton Gustafsson in Carnivores zone.
7:09 of 3rd period - Icing by Jordan LaVallee.
7:10 of 3rd period - Brian Boyle wins face-off versus Anton Gustafsson in Ice Dragons zone.
7:31 of 3rd period - Backhand shot by Jordan LaVallee.
7:31 of 3rd period - Stopped by Niklas Svedberg without a rebound.
7:32 of 3rd period - Boone Jenner wins face-off versus Anton Gustafsson in Carnivores zone.
7:33 of 3rd period - Snap shot by Billy Sweat.
7:33 of 3rd period - Shot Blocked by Andreas Englund.
7:35 of 3rd period - Slapshot by Adam Clendening.
7:35 of 3rd period - Stopped by Niklas Svedberg with a rebound.
8:44 of 3rd period - Penalty to Josh Morrissey is over, Josh Morrissey is back on ice.
9:00 of 3rd period - Lucas Wallmark is hit by Corban Knight and loses puck.
9:39 of 3rd period - Slapshot by Zach Trotman.
9:39 of 3rd period - Stopped by Niklas Svedberg without a rebound.
9:40 of 3rd period - Logan MacMillan wins face-off versus Markus Granlund in Carnivores zone.
10:46 of 3rd period - Hunter Shinkaruk is hit by Adam Clendening and loses puck.
10:51 of 3rd period - Slapshot by Corban Knight.
10:51 of 3rd period - Deflect By Chris Wagner.
10:51 of 3rd period - Stopped by Niklas Svedberg with a rebound.
11:00 of 3rd period - Icing by Boone Jenner.
11:01 of 3rd period - Anton Gustafsson wins face-off versus Boone Jenner in Ice Dragons zone.
11:16 of 3rd period - Wrist shot by Billy Sweat.
11:16 of 3rd period - Goal by Billy Sweat - Carnivores : 4 - Ice Dragons : 3.
11:17 of 3rd period - Brian Boyle wins face-off versus Scott Laughton in neutral zone.
12:11 of 3rd period - Wrist shot by William Carrier.
12:11 of 3rd period - Stopped by Niklas Svedberg with a rebound.
12:13 of 3rd period - Snap shot by Sam Carrick.
12:13 of 3rd period - Shot Misses the Net.
12:27 of 3rd period - Snap shot by Logan MacMillan.
12:27 of 3rd period - Stopped by Niklas Svedberg with a rebound.
12:29 of 3rd period - Wrist shot by Chris Wagner.
12:29 of 3rd period - Stopped by Niklas Svedberg without a rebound.
12:30 of 3rd period - Boone Jenner wins face-off versus Hunter Shinkaruk in Carnivores zone.
12:43 of 3rd period - Slapshot by Billy Sweat.
12:43 of 3rd period - Stopped by Niklas Svedberg with a rebound.
12:55 of 3rd period - Brayden McNabb is hit by Chris Lawrence and loses puck.
13:06 of 3rd period - Snap shot by Blake Geoffrion.
13:06 of 3rd period - Shot Misses the Net.
14:31 of 3rd period - Snap shot by Anton Gustafsson.
14:31 of 3rd period - Stopped by Harru Sateri without a rebound.
14:32 of 3rd period - Scott Laughton wins face-off versus Corban Knight in Ice Dragons zone.
14:35 of 3rd period - Snap shot by Chris Lawrence.
14:35 of 3rd period - Stopped by Harru Sateri with a rebound.
14:49 of 3rd period - Slapshot by Chris Wagner.
14:49 of 3rd period - Deflect By Blake Geoffrion.
14:49 of 3rd period - Shot Misses the Net.
14:49 of 3rd period - Puck is out of play.
14:50 of 3rd period - Markus Granlund wins face-off versus Brian Boyle in Carnivores zone.
15:06 of 3rd period - Minor Penalty to Jordan LaVallee for Tripping.
15:07 of 3rd period - Sam Carrick wins face-off versus Scott Laughton in Ice Dragons zone.
15:16 of 3rd period - Wrist shot by Scott Laughton.
15:16 of 3rd period - Shot Blocked by Brian Boyle.
15:22 of 3rd period - Slapshot by Blake Geoffrion.
15:22 of 3rd period - Goal by Blake Geoffrion - Carnivores : 5 - Ice Dragons : 3.
15:23 of 3rd period - Brian Boyle wins face-off versus Markus Granlund in neutral zone.
15:49 of 3rd period - Billy Sweat is hit by Blake Geoffrion and loses puck.
16:04 of 3rd period - Minor Penalty to Blake Geoffrion for Cross-checking.
16:05 of 3rd period - Brian Boyle wins face-off versus Anton Gustafsson in Carnivores zone.
18:04 of 3rd period - Penalty to Blake Geoffrion is over, Blake Geoffrion is back on ice.
18:51 of 3rd period - Chris Lawrence is hit by Robin Norell and loses puck.
19:20 of 3rd period - Joel Armia is hit by Phil Di Giuseppe and loses puck.
Goals for this period are 1 for Carnivores vs 1 for Ice Dragons.
Shots for this period are 6 for Carnivores vs 11 for Ice Dragons.
Back to the Top